 Dungeon Crawl Stone Soup version 0.21-a0-356-g45b0a09 (webtiles) character file.

118645 theanonym the Executioner (level 16, -7/155 HPs)
             Began as a Minotaur Berserker on Oct 12, 2017.
             Was a High Priest of Trog.
             Killed from afar by a shock serpent (16 damage)
             ... with a bolt of electricity
             ... on level 3 of the Snake Pit.
             The game lasted 01:42:46 (27290 turns).

theanonym the Executioner (Minotaur Berserker)     Turns: 27290, Time: 01:42:47

Health: -7/155     AC: 25    Str: 32    XL:     16   Next: 26%
Magic:  0/15       EV: 10    Int:  4    God:    Trog [*****.]
Gold:   697        SH:  0    Dex: 10    Spells: 15/15 levels left

rFire    . . .     SeeInvis .   T - +6 executioner's axe (elec)
rCold    . . .     Gourm    .   (shield currently unavailable)
rNeg     . . .     Faith    .   k - +3 plate armour {MR+}
rPois    +         Spirit   +   W - +1 hat
rElec    .         Reflect  .   E - scarf {Spirit}
rCorr    .         Harm     .   q - +0 pair of gloves
MR       ++...                  J - +0 pair of boots
Stlth    ..........             X - amulet of regeneration {+regen, !d}
HPRegen  0.75/turn              C - ring of poison resistance {rPois, !d}
MPRegen  0.14/turn              i - +3 ring of strength

@: lethally poisoned (-7 -> -21), berserk cooldown, slowed, very slow
A: retaliatory headbutt, horns 2
a: Berserk, Trog's Hand, Brothers in Arms, Burn Spellbooks, Renounce Religion


You were on level 3 of the Snake Pit.
You worshipped Trog.
Trog was extremely pleased with you.
You were hungry.

You visited 5 branches of the dungeon, and saw 25 of its levels.
You also visited: Ice Cave.

You collected 2140 gold pieces.
You spent 1443 gold pieces at shops.

Inventory:

Hand Weapons
 T - a +6 executioner's axe of electrocution (weapon)
   (Trog gifted it to you on level 11 of the Dungeon)
Armour
 k - a +3 plate armour of magic resistance (worn)
   (You bought it in a shop on level 10 of the Dungeon)
 q - a +0 pair of gloves (worn)
   (You found it on level 3 of the Dungeon)
 E - a scarf of spirit shield (worn)
   (You bought it in a shop on level 2 of the Orcish Mines)
 J - a +0 pair of boots (worn)
   (You found it on level 5 of the Lair of Beasts)
 W - a +1 hat (worn)
   (You bought it in a shop on level 2 of the Snake Pit)
Jewellery
 e - an uncursed ring of protection from cold {rC+, !d}
   (You found it on level 6 of the Dungeon)
 i - a +3 ring of strength (right hand)
   (You found it on level 1 of the Dungeon)
 y - the ring "Hezusm" {Wiz +Inv SInv}
   (You found it in an ice cave)

   [ring of wizardry]

   It improves your spell success rate.
   It lets you see invisible.
   It lets you turn invisible.
 C - a ring of poison resistance (left hand) {rPois, !d}
   (You bought it in a shop on level 4 of the Dungeon)
 G - an uncursed ring of resist corrosion
   (You found it on level 7 of the Dungeon)
 L - a +4 ring of intelligence {unknown}
   (You found it on level 1 of the Swamp)
 X - an amulet of regeneration (around neck) {+regen, !d}
   (You found it on level 3 of the Lair of Beasts)
Wands
 x - a wand of flame (24/48)
   (You found it on level 3 of the Swamp)
 A - a wand of lightning (5/15)
   (You found it on level 6 of the Lair of Beasts)
 H - a wand of paralysis (3/24)
   (You found it on level 2 of the Lair of Beasts)
 K - a wand of iceblast (5/15)
   (You found it on level 4 of the Lair of Beasts)
 O - a wand of digging (16/24)
   (You found it on level 9 of the Dungeon)
 S - a wand of flame (5/48)
   (You found it on level 2 of the Snake Pit)
 V - a wand of enslavement (4/24)
   (You found it on level 1 of the Swamp)
Scrolls
 b - 8 scrolls of teleportation
 f - 3 scrolls of fog
 g - 4 scrolls of magic mapping {!r}
 h - a scroll of brand weapon
 j - 4 scrolls of immolation {!r}
 t - 5 scrolls of fear
 u - a scroll of torment {unknown}
 v - a scroll of random uselessness {unknown}
 B - 4 scrolls of enchant armour {unknown}
 F - 6 scrolls of vulnerability {unknown}
 R - a scroll of silence {unknown}
 U - 2 scrolls of holy word {unknown}
Potions
 a - a potion of mutation {unknown}
 c - 3 potions of ambrosia
 l - 3 potions of resistance {unknown}
 n - 12 potions of curing
 o - 3 potions of heal wounds
 s - 4 potions of haste
 z - 3 potions of might
 I - 3 potions of agility
 M - a potion of invisibility {unknown}
 N - a potion of berserk rage {unknown}
 P - 2 potions of cancellation {unknown}
 Q - 3 potions of flight
Miscellaneous
 D - a lamp of fire
   (You found it on level 2 of the Swamp)
Comestibles
 d - 20 meat rations {@e2}
 p - 24 fruits
 w - 11 royal jellies


   Skills:
 + Level 17.5 Fighting
 + Level 22.2 Axes
 + Level 17.0 Armour
 + Level 3.7 Dodging


You had 15 spell levels left.
You didn't know any spells.

Dungeon Overview and Level Annotations

Branches:
Dungeon (11/15)            Temple (0/1) D:7            Lair (6/6) D:11
  Swamp (3/4) Lair:2        Snake (3/4) Lair:3        Slime (0/5) Lair:5
    Orc (2/2) D:11            Elf (0/3) Orc:2

Altars:
Dithmenos
Kikubaaqudgha
Makhleb
Okawaru
Sif Muna
Trog
Uskayaw
Yredelemnul
Zin
The Shining One
Beogh
Jiyva

Shops:
D:2 *   D:4 =   D:5 *   D:6 (}   D:10 [   Orc:2 *}[%   Snake:2 [*:}*


Innate Abilities, Weirdness & Mutations

You reflexively headbutt those who attack you in melee.
You have a pair of horns on your head.


Message History

You headbutt the black mamba. The sea snake bites you!
* * * LOW HITPOINT WARNING * * *
You take 10 damage, and have 58/232 hp.
Your unstable footing causes you to fumble your attack.
You feel sick.
The anaconda bites you but does no damage.
The anaconda constricts you. The black mamba closely misses you.
The naga warrior closely misses you. You furiously retaliate!
You headbutt the naga warrior. The naga hits you with a flail.
* * * LOW HITPOINT WARNING * * *
You take 3 damage, and have 55/232 hp.
Your unstable footing causes you to fumble your attack.
You feel sick.
The anaconda bites you but does no damage.
The anaconda constricts you. The black mamba completely misses you.
You furiously retaliate!
You headbutt the black mamba!!
You kill the black mamba!
Trog accepts your kill.
The sea snake bites you but does no damage.
The anaconda bites you!
* * * LOW HITPOINT WARNING * * *
The anaconda constricts you.
The electric eel shoots out a bolt of lightning at you!
The bolt of electricity hits you!
You take 14 damage, and have 41/232 hp.
You slice the electric eel like a ripe choko!!!
You kill the electric eel!
Trog accepts your kill.
You slash the sea snake! You slice the naga!! You miss the anaconda.
You slash the naga warrior!
You feel sick.
The naga warrior hits you with a scimitar.
* * * LOW HITPOINT WARNING * * *
The sea snake closely misses you. You furiously retaliate!
You headbutt the sea snake!!
The anaconda bites you but does no damage.
The anaconda constricts you. The naga barely misses you.
You take 4 damage, and have 37/232 hp.
You cut the sea snake into ribbons!!!!
Lightning courses through the sea snake!
You kill the sea snake!
Trog accepts your kill.
You hit the naga. You slice the anaconda!!
Lightning courses through the anaconda!
You feel the power of Trog in you as your rage grows.
You kill the anaconda!
Trog accepts your kill.
You slice the naga warrior!! You closely miss the naga.
You feel sick.
You hear an angry hiss.
You take 2 damage, and have 35/232 hp.
You slash the naga warrior! You headbutt the naga warrior.
You closely miss the naga. You open the naga like a pillowcase!!!
You kill the naga!
Trog accepts your kill.
You hear a splash. x2
You feel sick.
The naga warrior hits you with a scimitar!
* * * LOW HITPOINT WARNING * * *
The naga warrior grabs you.
* * * LOW HITPOINT WARNING * * *
The naga warrior constricts you. The naga spits poison at you.
The splash of poison hits you!
You are more poisoned.
You resist.
You take 15 damage, and have 20/232 hp.
You open the naga warrior like a pillowcase!!!
You kill the naga warrior!
Trog accepts your kill.
You hear a splash.
You closely miss the naga.
* * * LOW HITPOINT WARNING * * *
You feel sick.
You take 2 damage, and have 18/232 hp.
Your plate armour prevents you from hitting the naga.
Your headbutt misses the naga.
* * * LOW HITPOINT WARNING * * *
You feel sick. The naga hits you but does no damage. The naga misses you.
You take 1 damage, and have 17/232 hp.
You cut the naga into ribbons!!!
You kill the naga!
Trog accepts your kill.
You hear a splash.
You feel sick.
The shock serpent shoots out a bolt of lightning at you!
The bolt of electricity hits the plant.
The bolt of electricity misses you.
You take 1 damage, and have 16/232 hp.
* * * LOW HITPOINT WARNING * * *
You feel very sick.
Things that are here:
a flail; a naga corpse You take 2 damage, and have 14/232 hp.
You feel a strong urge to attack something.
You are no longer berserk.
You are exhausted.
You feel yourself slow down.
* * * LOW HITPOINT WARNING * * *
You feel sick.
The shock serpent shoots out a bolt of lightning at you!
The bolt of electricity hits you!
You die...

...............
.....8...8............
.....................♣♣♣♣
...S.S.<.......≈≈≈≈≈≈≈≈≈♣♣
........[......≈≈P≈≈≈≈≈≈P≈
.......8........≈≈≈≈≈≈≈≈≈P
.......$.......P≈≈≈≈≈≈≈≈≈≈
..S.............≈≈†≈≈≈≈≈≈≈
................@)≈)P≈≈≈≈≈
................≈≈)≈≈≈≈≈≈≈
................≈≈≈≈≈≈≈≈≈≈
......≈≈P≈≈≈≈≈≈≈≈
......P≈≈PSP≈≈≈≈♣
......PP≈P≈≈≈P♣♣♣
............♣♣♣
.............


You could see a shock serpent.

Vanquished Creatures
  Rupert (Orc:2)
  A thorn hunter (Swamp:3)
  3 nagarajas (Snake:2)
  A frost giant (IceCv)
  Azrael (Orc:2)
  Snorg (Orc:2)
  3 naga warriors
  Josephine (Orc:2)
  An ice dragon (Orc:1)
  5 hydras
  An alligator (Swamp:2)
  3 ogre magi (Orc:2)
  7 anacondas
  5 death yaks
  15 two-headed ogres
  2 shock serpents (Snake:2)
  4 naga sharpshooters
  3 spriggans
  A salamander mystic (Snake:2)
  Nergalle (Lair:1)
  4 sea snakes (Snake:3)
  2 naga ritualists
  A shambling mangrove (Swamp:2)
  An orc knight (D:11)
  2 mana vipers
  2 ugly things (D:11)
  An orc sorcerer (Orc:1)
  2 oklob plants (Lair:4)
  5 elephants (Lair:5)
  5 salamanders
  Maurice (D:10)
  26 black mambas
  An ice statue (IceCv)
  5 naga magi
  A torpor snail (Lair:5)
  19 spiny frogs
  A rime drake (Lair:5)
  7 komodo dragons
  2 trolls
  19 polar bears
  17 blink frogs
  11 slime creatures
  6 hornets
  3 bog bodies
  3 hippogriffs
  Sigmund (D:3)
  3 hogs (D:10)
  4 wraiths (Orc:2)
  72 yaks
  3 wyverns
  Eustachio (D:4)
  A human (D:10)
  3 basilisks
  2 fire elementals (Orc:2)
  9 vampire mosquitoes
  A hungry ghost (D:8)
  A steam dragon (Lair:5)
  18 swamp worms
  8 wargs
  4 insubstantial wisps (Swamp:2)
  11 nagas
  A hell hound (Orc:2)
  14 porcupines
  9 orc warriors
  6 water moccasins
  A hornet zombie (D:7)
  3 sky beasts
  3 swamp drakes
  33 ogres
  2 ice beasts
  4 necrophages
  2 phantoms
  A black bear (D:6)
  33 wolves
  4 centaurs
  8 crocodiles
  4 big kobolds
  15 bullfrogs
  A wyvern zombie (D:6)
  2 scorpions
  23 killer bees
  9 wights (D:8)
  An electric eel (Snake:3)
  A howler monkey (D:5)
  5 crimson imps
  A quasit (D:8)
  A bullfrog zombie (D:10)
  Crazy Yiuf (D:6)
  11 orc priests
  5 hounds
  A jelly (D:9)
  5 iguanas
  19 orc wizards
  3 worker ants
  A hound zombie (D:8)
  A hound skeleton (D:8)
  A worker ant zombie (D:8)
  12 adders
  A shadow imp (D:10)
  3 oozes
  An adder skeleton (D:2)
  4 worms
  2 dart slugs (D:1)
  5 leopard geckos
  60 orcs
  4 giant cockroaches
  9 goblins
  10 hobgoblins
  10 jackals
  28 kobolds
  4 quokkas
  3 bats
  8 frilled lizards
  A jackal zombie (D:6)
  A quokka skeleton (D:5)
  4 rats
  8 fungi
  5 plants
767 creatures vanquished.

Vanquished Creatures (collateral kills)
  An anaconda (Snake:2)
  3 death yaks (Lair:2)
  A shock serpent (Snake:2)
  A polar bear (IceCv)
  5 yaks
  2 hell hounds (Orc:2)
13 creatures vanquished.

Vanquished Creatures (others)
  A human (D:6)
  A bush (Lair:4)
  11 fungi
  9 plants
22 creatures vanquished.

Grand Total: 802 creatures vanquished

Notes
Turn   | Place    | Note
-------+----------+-------------------------------------------
     0 | D:1      | theanonym the Minotaur Berserker began the quest for the Orb.
     0 | D:1      | Reached XP level 1. HP: 19/19 MP: 0/0
     0 | D:1      | theanonym: !lg allofthem
     0 | D:1      | beem: 61633. theanonym the Conqueror (L27 GrBe of Trog), escaped with the Orb and 3 runes on 2017-10-12 09:17:27, with 1748645 points after 76783 turns and 7:56:20.
     0 | D:1      | theanonym: !lg allofthem s=name
     0 | D:1      | beem: 61633 games for allofthem: 5006x WhatIsLove, 4671x namelastname112, 4246x runewalsh, 3931x casual, 3290x ololoev, 3117x haldagan, 2976x jacquesderrida, 2857x DEFE, 2091x oplop, 1771x Waterpls, 1508x Stonewall, 1356x wvc, 1250x epen, 1227x HungrySpirit, 1071x Yehuk, 1064x Potsanchik, 1009x acidapple, 1007x Sar, 885x crauler, 881x blinkfrog, 791x ZiggyStardust, 688x xeno23, 685x Iwannabefree, 678x...
     0 | D:1      | theanonym: !lg allofthem -tv
     0 | D:1      | beem: 61633. theanonym, XL27 GrBe, T:76783 requested for FooTV: telnet://termcast.develz.org or http://termcast.develz.org.
   189 | D:1      | Reached skill level 4 in Fighting
   189 | D:1      | Reached skill level 4 in Axes
   189 | D:1      | Reached XP level 2. HP: 27/27 MP: 1/1
   420 | D:1      | Reached XP level 3. HP: 33/33 MP: 2/2
   820 | D:2      | Found Zin's Purification Station.
   820 | D:2      | Found a glowing silver altar of Zin.
   828 | D:2      | Reached ** piety under Trog
   936 | D:2      | Reached skill level 3 in Armour
  1273 | D:3      | Found a glowing golden altar of the Shining One.
  1391 | D:3      | Reached XP level 4. HP: 41/41 MP: 3/3
  1397 | D:3      | Reached skill level 5 in Axes
  1638 | D:3      | Reached XP level 5. HP: 43/47 MP: 4/4
  1718 | D:3      | Noticed Sigmund
  1771 | D:3      | Killed Sigmund
  1771 | D:3      | Reached skill level 5 in Fighting
  1771 | D:3      | Reached skill level 6 in Axes
  1771 | D:3      | Reached skill level 4 in Armour
  1771 | D:3      | Reached XP level 6. HP: 56/56 MP: 5/5
  1985 | D:3      | Found a hide-covered altar of Uskayaw.
  2277 | D:4      | Reached skill level 5 in Armour
  2374 | D:4      | Noticed Eustachio
  2380 | D:4      | Killed Eustachio
  2380 | D:4      | Reached skill level 7 in Axes
  2380 | D:4      | Reached XP level 7. HP: 62/62 MP: 6/6
  2408 | D:4      | Reached skill level 6 in Fighting
  2649 | D:4      | Reached skill level 6 in Armour
  2948 | D:4      | Found Mamp's Jewellery Boutique.
  3216 | D:5      | Entered Level 5 of the Dungeon
  3233 | D:4      | Reached *** piety under Trog
  3233 | D:4      | Reached skill level 8 in Axes
  3441 | D:4      | Reached XP level 8. HP: 42/71 MP: 7/7
  3898 | D:5      | Reached skill level 7 in Armour
  4037 | D:5      | Found Withrata's Assorted Antiques.
  4043 | D:5      | Reached skill level 7 in Fighting
  4307 | D:5      | Reached skill level 8 in Armour
  4333 | D:5      | Found a shadowy altar of Dithmenos.
  4875 | D:6      | Reached skill level 8 in Fighting
  4875 | D:6      | Reached skill level 9 in Armour
  4886 | D:6      | Found Dirup's Weapon Shoppe.
  5182 | D:6      | Found Tuyl Lachu's Gadget Shop.
  5220 | D:6      | Found an ancient bone altar of Kikubaaqudgha.
  5505 | D:6      | Found a runed door.
  5510 | D:6      | Noticed Crazy Yiuf
  5513 | D:6      | Killed Crazy Yiuf
  5513 | D:6      | Reached XP level 9. HP: 81/81 MP: 8/8
  5938 | D:4      | Bought an uncursed ring of poison resistance for 220 gold pieces
  6356 | D:7      | Reached skill level 10 in Armour
  6420 | D:7      | Found a staircase to the Ecumenical Temple.
  6484 | D:7      | Reached skill level 9 in Fighting
  6621 | D:7      | Found an ancient bone altar of Kikubaaqudgha.
  6888 | D:8      | Reached skill level 9 in Axes
  6944 | D:8      | Reached skill level 11 in Armour
  7165 | D:8      | Reached **** piety under Trog
  7635 | D:8      | Reached XP level 10. HP: 90/93 MP: 9/9
  7893 | D:8      | Reached skill level 10 in Fighting
  7928 | D:8      | Found a burning altar of Makhleb.
  8087 | D:8      | Reached skill level 10 in Axes
  8623 | D:9      | Reached skill level 12 in Armour
  9183 | D:10     | Entered Level 10 of the Dungeon
  9329 | D:10     | Reached skill level 11 in Axes
  9586 | D:10     | Noticed a two-headed ogre
  9590 | D:10     | Killed a two-headed ogre
  9628 | D:10     | Noticed Maurice
  9643 | D:10     | Killed Maurice
  9643 | D:10     | Reached skill level 12 in Axes
  9758 | D:10     | Found Oterrech's Armour Shoppe.
 10018 | D:10     | Reached ***** piety under Trog
 10091 | D:9      | Reached XP level 11. HP: 53/100 MP: 10/10
 10350 | D:10     | Found a basalt altar of Yredelemnul.
 10441 | D:10     | Reached skill level 11 in Fighting
 10447 | D:10     | Reached skill level 13 in Axes
 11033 | D:11     | Noticed a green ugly thing
 11044 | D:11     | Killed a green ugly thing
 11190 | D:11     | Found a staircase to the Lair.
 11225 | D:11     | Reached skill level 14 in Axes
 11302 | D:11     | Noticed a white ugly thing
 11309 | D:11     | Killed a white ugly thing
 11541 | D:11     | Received a gift from Trog
 11730 | D:11     | Noticed a two-headed ogre
 11739 | D:11     | Killed a two-headed ogre
 11954 | D:11     | Reached skill level 15 in Axes
 12058 | D:11     | Found a staircase to the Orcish Mines.
 12078 | Lair:1   | Entered Level 1 of the Lair of Beasts
 12087 | Lair:1   | Noticed Nergalle
 12197 | Lair:1   | Killed Nergalle
 12298 | Lair:1   | Reached XP level 12. HP: 102/111 MP: 11/11
 12344 | Lair:1   | Reached skill level 13 in Armour
 12668 | Lair:1   | Reached skill level 12 in Fighting
 13160 | Lair:2   | Noticed a death yak
 13195 | Lair:2   | Killed a death yak
 13266 | Lair:2   | Found a staircase to the Swamp.
 13444 | Lair:2   | Reached skill level 16 in Axes
 13633 | Lair:2   | Noticed a death yak
 13634 | Lair:2   | Noticed a death yak
 13635 | Lair:2   | Noticed a death yak
 13636 | Lair:2   | Noticed a death yak
 13637 | Lair:2   | Noticed a death yak
 13638 | Lair:2   | Killed a death yak
 13640 | Lair:2   | Killed a death yak
 13647 | Lair:2   | Killed a death yak
 13649 | Lair:2   | Killed a death yak
 13651 | Lair:2   | Killed a death yak
 13651 | Lair:2   | Reached skill level 14 in Armour
 13651 | Lair:2   | Reached skill level 13 in Fighting
 15426 | Lair:3   | Received a gift from Trog
 15448 | Lair:3   | Found a staircase to the Snake Pit.
 15949 | Orc:1    | Entered Level 1 of the Orcish Mines
 15966 | Orc:1    | Reached XP level 13. HP: 114/122 MP: 12/12
 16072 | Orc:1    | Found a frozen archway.
 16093 | Orc:1    | HP: 37/183 [polar bear (15)]
 16223 | IceCv    | Entered an ice cave
 16375 | IceCv    | Reached skill level 14 in Fighting
 16428 | IceCv    | Reached skill level 17 in Axes
 16625 | IceCv    | Received a gift from Trog
 16708 | IceCv    | Reached skill level 3 in Dodging
 16779 | IceCv    | Noticed a frost giant
 16790 | IceCv    | Killed a frost giant
 16883 | IceCv    | Got a slimy iron ring
 16899 | IceCv    | Identified the ring "Hezusm" {Wiz +Inv SInv} (You found it in an ice cave)
 17431 | Orc:1    | Found a bloodstained altar of Trog.
 17660 | Orc:1    | Found a roughly hewn altar of Beogh.
 17848 | Orc:2    | Entered Level 2 of the Orcish Mines
 17860 | Orc:2    | Noticed Snorg
 17880 | Orc:2    | Killed Snorg
 17880 | Orc:2    | Reached skill level 18 in Axes
 18020 | Orc:2    | Noticed Rupert
 18020 | Orc:2    | Paralysed by Rupert for 5 turns
 18029 | Orc:2    | Paralysed by Rupert for 7 turns
 18042 | Orc:2    | Killed Rupert
 18042 | Orc:2    | Reached skill level 15 in Armour
 18407 | Orc:2    | Received a gift from Trog
 18416 | Orc:2    | Found an iron altar of Okawaru.
 18477 | Orc:2    | Noticed Azrael
 18637 | Orc:2    | Killed Azrael
 18655 | Orc:2    | Reached XP level 14. HP: 85/133 MP: 13/13
 18754 | Orc:2    | Reached skill level 15 in Fighting
 19125 | D:10     | Bought a +3 plate armour of magic resistance for 585 gold pieces
 19271 | Orc:2    | Noticed Josephine
 19280 | Orc:2    | Killed Josephine
 19287 | Orc:2    | Reached skill level 19 in Axes
 19354 | Orc:2    | Found Peso's Assorted Antiques.
 19354 | Orc:2    | Found Jur Onolo's Antique Armour Shoppe.
 19359 | Orc:2    | Found Baschaikh's Gadget Shoppe.
 19359 | Orc:2    | Found Qiatu's Food Boutique.
 19482 | Orc:2    | Bought a glowing scarf for 280 gold pieces
 19746 | Orc:2    | Found a staircase to the Elven Halls.
 19898 | Lair:4   | Received a gift from Trog
 20648 | Lair:4   | Found a deep blue altar of Sif Muna.
 20910 | Lair:5   | Reached skill level 20 in Axes
 20911 | Lair:5   | Reached skill level 16 in Fighting
 21318 | Lair:5   | Received a gift from Trog
 21655 | Lair:5   | Found a viscous altar of Jiyva.
 21655 | Lair:5   | Found a staircase to the Slime Pits.
 21766 | Lair:6   | Entered Level 6 of the Lair of Beasts
 21770 | Lair:6   | Reached XP level 15. HP: 141/144 MP: 14/14
 21782 | Lair:6   | Reached skill level 16 in Armour
 22679 | Swamp:1  | Entered Level 1 of the Swamp
 23315 | Swamp:2  | Received a gift from Trog
 24343 | Swamp:3  | Noticed a thorn hunter
 24352 | Swamp:3  | Killed a thorn hunter
 24352 | Swamp:3  | Reached skill level 21 in Axes
 24968 | Snake:1  | Entered Level 1 of the Snake Pit
 25644 | Snake:2  | Found Taeloes's General Store.
 25647 | Snake:2  | Found Kic Oxkucu's Armour Emporium.
 25647 | Snake:2  | Noticed a nagaraja
 25656 | Snake:2  | Killed a nagaraja
 25660 | Snake:2  | Bought a scroll of identify for 32 gold pieces
 25660 | Snake:2  | Bought a +1 hat for 176 gold pieces
 25737 | Snake:2  | Reached skill level 17 in Fighting
 25765 | Snake:2  | Found Pump's Book Emporium.
 25796 | Snake:2  | Noticed a nagaraja
 25799 | Snake:2  | Found Lech's Gadget Shop.
 25805 | Snake:2  | Killed a nagaraja
 26207 | Snake:2  | Noticed a nagaraja
 26216 | Snake:2  | Killed a nagaraja
 26315 | Snake:2  | Found Zism's General Store.
 26342 | Snake:2  | Bought a potion of haste for 150 gold pieces
 26372 | Snake:2  | Received a gift from Trog
 26372 | Snake:2  | Reached XP level 16. HP: 139/155 MP: 15/15
 27068 | Snake:2  | Reached skill level 22 in Axes
 27271 | Snake:3  | Reached skill level 17 in Armour
 27280 | Snake:3  | HP: 58/232 [sea snake (7)]
 27285 | Snake:3  | HP: 34/232 [poisoned by a naga (splash of poison)]
 27288 | Snake:3  | HP: 16/232 [poisoned by a naga (splash of poison)]
 27290 | Snake:3  | Killed from afar by a shock serpent

Vault maps used:
D:1:      dpeg_arrival_chase, minmay_tetromino_o2
D:2:      zin_purify, first_bread
D:3:      tso_metal_star, eat_drink_and_be_merry_uskayaw, uniq_sigmund
D:4:      cheibrodos_old_hovel, serial_shops, shop, st_stairs_4, uniq_eustachio
D:5:      nicolae_dithmenos_through_a_glass_darkly, serial_shops, shop,
          grunt_ministairs_6
D:6:      serial_shops, nicolae_shop_stone, shop, tgw_kikubaaqudgha,
          uniq_crazy_yiuf_cottage
D:7:      kennysheep_mini, minmay_temple_entry_mist
D:8:      kennysheep_blocky_room, makhleb_blood_cavern_becter
D:9:      lemuel_ice_spiral_2, serial_column_ruins, column_ruins_hut_pillars,
          column_ruins_hut, column_ruins_columns_straight,
          column_ruins_open_small, column_ruins_corridor_straight,
          column_ruins_grid_3
D:10:     serial_shops, nicolae_shop_trees, basic_altar, grunt_livestock,
          uniq_maurice
D:11:     david_lair_generic, orc_0_dummy
Lair:1:   grunt_megastairs_5, uniq_nergalle
Lair:2:   swamp_mist_pool, nicolae_quartered_pool_little
Lair:3:   guppyfry_snake_entry_garden
Lair:4:   basic_altar, minivault_24, minmay_lair_oklob_chamber
Lair:5:   dpeg_slime_entry_enclosed_altar, lemuel_fruit_fields,
          infiniplex_staircase_pool_2
Lair:6:   due_jungle_book
Swamp:1:  nicolae_swamp_round_clearing
Swamp:2:  hangedman_swamp_pad, infiniplex_staircase_pool
Swamp:3:  evilmike_swamp_ruin_house_3
Snake:2:  serial_shops, shop, shop, shop, shop,
          nicolae_shop_competitors_out_of_business
Snake:3:  grunt_ministairs_1, serial_bayou_shore_a, uniq_kirke
Orc:1:    cheibrodos_orc_guarddog, portal_ice_cave_entry_animals_and_master,
          basic_altar, trog_hazing_becter
Orc:2:    st_orc_ogre_mass, okawaru_metal_pillars_3, uniq_snorg, uniq_josephine,
          uniq_rupert, uniq_azrael
IceCv:    ice_cave_caverns_01

Skill      XL: |  1  2  3  4  5  6  7  8  9 10 11 12 13 14 15 16 |
---------------+-------------------------------------------------+-----
Fighting       | 4 5 6 8 9 10 11 13 14 16 17 | 17.5
Axes           | 4 5 6 7 8 9 12 15 16 18 20 21 22 | 22.2
Armour         | 3 4 5 6 9 11 12 14 15 16 17 | 17.0
Dodging        | 3 |  3.7

Action                   |  1- 3 |  4- 6 |  7- 9 | 10-12 | 13-15 | 16-18 || total
-------------------------+-------+-------+-------+-------+-------+-------++-------
Melee: Hand axe          |    86 |    40 |       |       |       |       ||   126
       Headbutt          |    18 |     9 |    47 |   115 |   177 |     5 ||   371
       Scythe            |       |    40 |   203 |       |       |       ||   243
       Spear             |       |       |    43 |       |       |       ||    43
       War axe           |       |       |    30 |   473 |       |       ||   503
       Executioner's axe |       |       |       |    76 |   839 |    51 ||   966
Throw: Tomahawk          |       |    11 |   121 |    77 |   102 |       ||   311
Invok: Berserk           |       |     3 |     7 |     6 |    18 |     4 ||    38
       Trog's Hand       |       |     2 |     2 |     4 |    16 |       ||    24
       Burn Spellbooks   |       |     2 |     2 |     2 |     1 |       ||     7
       Brothers in Arms  |       |       |       |     1 |     3 |       ||     4
Evoke: Wand              |       |       |       |    13 |    10 |       ||    23
  Use: Scroll            |     1 |       |    15 |    12 |    16 |     1 ||    45
       Potion            |       |       |       |       |     1 |       ||     1
 Stab: Paralysed         |       |       |       |     5 |     1 |       ||     6
  Eat: Bread ration      |     1 |       |     4 |     4 |     9 |     1 ||    19
       Chunk             |       |     3 |     9 |    16 |    19 |       ||    47
       Fruit             |       |       |       |     1 |       |       ||     1
Armor: Ring mail         |    21 |    40 |     2 |       |       |       ||    63
       Animal skin       |     2 |       |       |       |       |       ||     2
       Chain mail        |       |       |   208 |   252 |    15 |       ||   475
       Ice dragon scales |       |       |       |       |   137 |       ||   137
       Plate armour      |       |       |       |       |   349 |    87 ||   436
Dodge: Dodged            |    38 |    38 |   170 |   255 |   395 |    44 ||   940

Table legend:
 A = Spawn XP
 B = Non-spawn XP
 C = Spawn XP percentage of total XP
 D = Spawn monster count
 E = Non-spawn monster count
 F = Spawn count percentage of total count
 G = Total turns spent on level
                    A         B        C        D         E        F      G
               +---------+---------+-------+---------+---------+-------+---------
         Total |       0 |  169493 |   0.0 |       0 |     767 |   0.0 | 27290
               +---------+---------+-------+---------+---------+-------+---------
           D:1 |       0 |      47 |   0.0 |       0 |      21 |   0.0 |   653
           D:2 |       0 |      36 |   0.0 |       0 |      11 |   0.0 |   521
           D:3 |       0 |     420 |   0.0 |       0 |      35 |   0.0 |  1142
           D:4 |       0 |     885 |   0.0 |       0 |      19 |   0.0 |  1243
           D:5 |       0 |     666 |   0.0 |       0 |      20 |   0.0 |   917
           D:6 |       0 |     988 |   0.0 |       0 |      24 |   0.0 |  1501
           D:7 |       0 |     964 |   0.0 |       0 |      17 |   0.0 |   906
           D:8 |       0 |    2431 |   0.0 |       0 |      45 |   0.0 |  1332
           D:9 |       0 |    1523 |   0.0 |       0 |      18 |   0.0 |  1513
          D:10 |       0 |    6325 |   0.0 |       0 |      51 |   0.0 |  1301
          D:11 |       0 |    7388 |   0.0 |       0 |      42 |   0.0 |  1458
        Lair:1 |       0 |    3359 |   0.0 |       0 |      12 |   0.0 |   941
        Lair:2 |       0 |   10262 |   0.0 |       0 |      34 |   0.0 |  1847
        Lair:3 |       0 |    3794 |   0.0 |       0 |      20 |   0.0 |  1249
        Lair:4 |       0 |   11451 |   0.0 |       0 |      40 |   0.0 |   924
        Lair:5 |       0 |    7545 |   0.0 |       0 |      24 |   0.0 |   981
        Lair:6 |       0 |    8406 |   0.0 |       0 |      31 |   0.0 |   838
       Swamp:1 |       0 |    4496 |   0.0 |       0 |      19 |   0.0 |   617
       Swamp:2 |       0 |    6373 |   0.0 |       0 |      22 |   0.0 |   874
       Swamp:3 |       0 |    6509 |   0.0 |       0 |      17 |   0.0 |   711
       Snake:1 |       0 |    9364 |   0.0 |       0 |      15 |   0.0 |   556
       Snake:2 |       0 |   18387 |   0.0 |       0 |      27 |   0.0 |  1593
       Snake:3 |       0 |   13523 |   0.0 |       0 |      24 |   0.0 |    92
         Orc:1 |       0 |    6017 |   0.0 |       0 |      48 |   0.0 |   953
         Orc:2 |       0 |   25319 |   0.0 |       0 |      77 |   0.0 |  1709
         IceCv |       0 |   13015 |   0.0 |       0 |      54 |   0.0 |   918
               +---------+---------+-------+---------+---------+-------+---------

Vault maps used:
D:1:      dpeg_arrival_chase, minmay_tetromino_o2
D:2:      zin_purify, first_bread
D:3:      tso_metal_star, eat_drink_and_be_merry_uskayaw, uniq_sigmund
D:4:      cheibrodos_old_hovel, serial_shops, shop, st_stairs_4, uniq_eustachio
D:5:      nicolae_dithmenos_through_a_glass_darkly, serial_shops, shop,
          grunt_ministairs_6
D:6:      serial_shops, nicolae_shop_stone, shop, tgw_kikubaaqudgha,
          uniq_crazy_yiuf_cottage
D:7:      kennysheep_mini, minmay_temple_entry_mist
D:8:      kennysheep_blocky_room, makhleb_blood_cavern_becter
D:9:      lemuel_ice_spiral_2, serial_column_ruins, column_ruins_hut_pillars,
          column_ruins_hut, column_ruins_columns_straight,
          column_ruins_open_small, column_ruins_corridor_straight,
          column_ruins_grid_3
D:10:     serial_shops, nicolae_shop_trees, basic_altar, grunt_livestock,
          uniq_maurice
D:11:     david_lair_generic, orc_0_dummy
Lair:1:   grunt_megastairs_5, uniq_nergalle
Lair:2:   swamp_mist_pool, nicolae_quartered_pool_little
Lair:3:   guppyfry_snake_entry_garden
Lair:4:   basic_altar, minivault_24, minmay_lair_oklob_chamber
Lair:5:   dpeg_slime_entry_enclosed_altar, lemuel_fruit_fields,
          infiniplex_staircase_pool_2
Lair:6:   due_jungle_book
Swamp:1:  nicolae_swamp_round_clearing
Swamp:2:  hangedman_swamp_pad, infiniplex_staircase_pool
Swamp:3:  evilmike_swamp_ruin_house_3
Snake:2:  serial_shops, shop, shop, shop, shop,
          nicolae_shop_competitors_out_of_business
Snake:3:  grunt_ministairs_1, serial_bayou_shore_a, uniq_kirke
Orc:1:    cheibrodos_orc_guarddog, portal_ice_cave_entry_animals_and_master,
          basic_altar, trog_hazing_becter
Orc:2:    st_orc_ogre_mass, okawaru_metal_pillars_3, uniq_snorg, uniq_josephine,
          uniq_rupert, uniq_azrael
IceCv:    ice_cave_caverns_01

Table legend:
 A = Turns spent in this place as a percentage of turns spent in the entire game.
 B = Non-inter-level travel turns spent in this place as a percentage of non-inter-level travel turns spent in the entire game.
 C = Inter-level travel turns spent in this place as a percentage of turns spent in this place.
 D = Turns resting spent in this place as a percentage of non-inter-level travel turns spent in this place.
 E = Turns spent auto-exploring this place as a percentage of non-inter-level travel turns spent in this place.
 F = Non-inter-level travel turns spent in this place divided by the number of levels of this place that you've seen.
                   A       B       C       D       E      F
               +-------+-------+-------+-------+-------+----------------------
         Total | 100.0 | 100.0 |   5.1 |  24.5 |  54.7 | 995.9
       Dungeon |  45.8 |  45.5 |   5.7 |  29.9 |  51.2 | 1069.9
          Lair |  24.8 |  24.6 |   6.2 |  23.7 |  59.6 | 1060.3
         Swamp |   8.1 |   8.2 |   3.9 |   8.5 |  69.3 | 705.7
     Snake Pit |   8.2 |   8.4 |   2.6 |  21.9 |  60.1 | 727.7
  Orcish Mines |   9.8 |   9.8 |   4.4 |  18.2 |  45.6 | 1272.0
      Ice Cave |   3.4 |   3.5 |   0.0 |  19.8 |  44.9 | 918.0
               +-------+-------+-------+-------+-------+----------------------

Table legend:
 A = Kills in this place as a percentage of kills in entire the game.
 B = Kills by you in this place as a percentage of kills by you in the entire game.
 C = Kills by friends in this place as a percentage of kills by friends in the entire game.
 D = Other kills in this place as a percentage of other kills in the entire game.
 E = Experience gained in this place as a percentage of experience gained in the entire game.
 F = Experience gained in this place divided by the number of levels of this place that you have seen.
                   A       B       C       D       E      F
               +-------+-------+-------+-------+-------+----------------------
         Total | 100.0 | 100.0 | 100.0 |   N/A | 100.0 | 6519.0
       Dungeon |  39.5 |  40.2 |   0.0 |   N/A |  12.8 | 1970.3
          Lair |  21.0 |  20.4 |  53.8 |   N/A |  26.4 | 7469.5
         Swamp |   7.6 |   7.7 |   0.0 |   N/A |  10.3 | 5792.7
     Snake Pit |   8.6 |   8.5 |  15.4 |   N/A |  24.4 | 13758.0
  Orcish Mines |  16.3 |  16.3 |  15.4 |   N/A |  18.5 | 15668.0
      Ice Cave |   7.0 |   6.9 |  15.4 |   N/A |   7.7 | 13015.0
               +-------+-------+-------+-------+-------+----------------------
